 Dungeon Crawl Stone Soup version 0.19-a0-1899-g2d93087 (webtiles) character file.

122 dobroeutro the Bolt Thrower (level 5, 0/33 HPs)
             Began as a Kobold Hunter on Oct 19, 2016.
             Slain by an orc
             ... wielding a +0 falchion
              (8 damage)
             ... on level 3 of the Dungeon.
             The game lasted 00:03:11 (2215 turns).

dobroeutro the Bolt Thrower (Kobold Hunter)         Turns: 2215, Time: 00:03:12

Health: 0/33       AC:  3    Str: 11    XL:     5   Next: 27%
Magic:  5/5        EV: 13    Int: 12    God:
Gold:   133        SH:  4    Dex: 15    Spells: 0 memorised, 4 levels left

rFire  . . .     SeeInvis .     i - +1 dagger (drain)
rCold  . . .     Gourm    .     c - +0 leather armour
rNeg   . . .     Faith    .     p - +0 buckler
rPois  .         Spirit   .     (no helmet)
rElec  .         Reflect  .     (no cloak)
rCorr  .         Harm     .     (no gloves)
MR     .....                    (no boots)
Stlth  +.........               (no amulet)
                                (no ring)
                                (no ring)

@: lethally poisoned (0 -> -2), slowed, drained, very slow
A: carnivore 3
a: no special abilities


You were on level 3 of the Dungeon.
You were not hungry.

You visited 1 branch of the dungeon, and saw 3 of its levels.

You collected 133 gold pieces.

Inventory:

Hand Weapons
 a - a +1 hand crossbow
 b - a +0 short sword
 i - a +1 dagger of draining (weapon)
Missiles
 d - 19 bolts
Armour
 c - a +0 leather armour (worn)
 p - a +0 buckler (worn)
Scrolls
 e - 2 scrolls of identify
 k - 6 scrolls of remove curse
 l - a scroll of blinking {unknown}
 m - 2 scrolls of teleportation {unknown}
 o - a scroll of immolation {unknown}
Potions
 g - a potion of mutation {unknown}
 h - a potion of magic {unknown}
 n - a potion of cancellation {unknown}
 q - a potion of brilliance {unknown}
 r - a potion of curing {unknown}
Comestibles
 f - 3 meat rations
 j - a slice of pizza


   Skills:
 + Level 3.8(2.8) Fighting
 + Level 3.1(2.1) Short Blades
 + Level 5.7(4.6) Crossbows
 - Level 2.4(1.4) Dodging
 - Level 1.3(0.4) Stealth


You had 4 spell levels left.
You didn't know any spells.

Dungeon Overview and Level Annotations

Branches:
Dungeon (3/15)

Altars:


Innate Abilities, Weirdness & Mutations

You are small and have problems with some larger weapons.
You are carnivorous and can eat meat at any time.


Message History

The orc wizard is lightly wounded.
You feel sick.
The orc wizard hits you but does no damage.
The orc closely misses you.
The orc wizard hits you but does no damage.
You barely miss the orc wizard.
The orc wizard is lightly wounded.
The orc closely misses you.
The orc wizard hits you but does no damage.
You hit the orc wizard. You drain the orc wizard!
The orc wizard is almost dead.
The orc closely misses you.
The orc wizard hits you but does no damage.
The orc misses you.
You hit the orc wizard.
The orc wizard is almost dead.
You feel sick.
The orc wizard mumbles some strange words.
The orc wizard seems to speed up.
The orc hits you with a falchion!
You die...

#.#####.## ......#.#
......#.# ......#.# ##
#'#####.# o#
...####.##########o#
......#..........#o#
...##.##########.#o#
...##.# ###@#.#
...##.########.#oo.#
#>......#......###.#
#####.#.#.####.#########
......#.#.##...........#
#######.#.##.#.#######.#
......#.#.##.#.# #.#
#.###.#.#....#.# #.# #.#
#.#.######.# #.#


You could see an orc wizard and an orc.

Vanquished Creatures
  Jessica (D:3)
  An adder (D:3)
  An ooze (D:1)
  4 worms
  2 dart slugs
  2 leopard geckos
  3 orcs (D:3)
  5 bats
  13 giant cockroaches
  8 goblins
  4 hobgoblins
  3 jackals (D:2)
  3 frilled lizards (D:2)
  3 kobolds
  6 rats
59 creatures vanquished.

Notes
Turn   | Place    | Note
-------+----------+-------------------------------------------
     0 | D:1      | dobroeutro the Kobold Hunter began the quest for the Orb.
     0 | D:1      | Reached XP level 1. HP: 12/12 MP: 1/1
   141 | D:1      | Reached skill level 1 in Short Blades
   141 | D:1      | Reached skill level 5 in Crossbows
   141 | D:1      | Reached XP level 2. HP: 18/18 MP: 2/2
   544 | D:1      | Reached XP level 3. HP: 12/22 MP: 3/3
  1344 | D:3      | Reached XP level 4. HP: 14/28 MP: 4/4
  1750 | D:3      | Noticed Jessica
  1756 | D:3      | Killed Jessica
  1756 | D:3      | Reached XP level 5. HP: 32/32 MP: 5/5
  2215 | D:3      | Slain by an orc

Vault maps used:
D:1:      dpeg_arrival_central
D:2:      first_bread
D:3:      minmay_roachtagon, uniq_jessica

Skill      XL: |  1  2  3  4 |
---------------+-------------+-----
Short Blades   | 1 2 3 |  3.1
Crossbows      | 5 |  5.7
Fighting       | 3 |  3.8
Dodging        | |  2.4
Stealth        | |  1.3

Action                   |  1- 3 |  4- 6 || total
-------------------------+-------+-------++-------
Melee: Short sword       |    11 |       ||    11
       Dagger            |   125 |   106 ||   231
 Fire: Hand crossbow     |       |     3 ||     3
  Use: Scroll            |     2 |       ||     2
 Stab: Sleeping          |     6 |       ||     6
  Eat: Chunk             |       |     5 ||     5
Armor: Leather armour    |    41 |    22 ||    63
Dodge: Dodged            |   119 |    62 ||   181
Block: Buckler           |     1 |    18 ||    19
